 Dungeon Crawl Stone Soup version 0.19-a0-353-g6b7ed47 (webtiles) character file.

44 nubinia the Shooter (level 3, 10/29 HPs)
             Began as a Centaur Hunter on May 29, 2016.
             Quit the game on level 2 of the Dungeon.
             The game lasted 00:07:42 (1153 turns).

nubinia the Shooter (Centaur Hunter)                Turns: 1153, Time: 00:07:42

Health: 10/29      AC:  4    Str: 14    XL:     3   Next: 41%
Magic:  3/3        EV:  9    Int: 10    God:
Gold:   32         SH:  0    Dex: 10    Spells: 0 memorised, 2 levels left

rFire  . . .     SeeInvis .     b - +0 short sword
rCold  . . .     Gourm    .     c - +0 leather armour
rNeg   . . .     Faith    .     (no shield)
rPois  .         Spirit   .     (no helmet)
rElec  .         Dismiss  .     (no cloak)
rCorr  .         Reflect  .     (no gloves)
SustAt .         Harm     .     (no barding)
MR     .....                    (no amulet)
Stlth  +.........               (no ring)
                                (no ring)

@: lethally poisoned (10 -> -2), very quick, not resistant to hostile
enchantments, very unstealthy
A: hooves 3, deformed body, speed 2, tough skin 3
a: no special abilities


You were on level 2 of the Dungeon.
You were not hungry.

You visited 1 branch of the dungeon, and saw 2 of its levels.

You collected 32 gold pieces.

Inventory:

Hand Weapons
 a - a +1 shortbow
 b - a +0 short sword (weapon)
Missiles
 d - 17 arrows
Armour
 c - a +0 leather armour (worn)
Scrolls
 e - a scroll of teleportation {unknown}
 h - a scroll of identify {unknown}
 i - a scroll of immolation {unknown}
 j - a scroll of enchant armour {unknown}
 k - a scroll of remove curse {unknown}
 l - a scroll of random uselessness {unknown}
Comestibles
 f - 2 bread rations
 g - 2 fruits


   Skills:
 + Level 2.0 Fighting
 + Level 0.5 Short Blades
 + Level 6.1 Bows
 + Level 0.7 Armour
 + Level 1.9 Dodging
 + Level 0.5 Stealth


You had 2 spell levels left.
You didn't know any spells.

Dungeon Overview and Level Annotations

Branches:
Dungeon (2/15)

Altars:
Kikubaaqudgha
Pakellas
Ru
Yredelemnul


Innate Abilities, Weirdness & Mutations

You have hooves in place of feet.
Armour fits poorly on your strangely shaped body.
You cover ground very quickly.
You have extremely tough skin. (AC +3)


Message History

The adder barely misses you. The adder bites you.
You closely miss the adder. The adder bites you but does no damage.
You miss the adder.
You feel sick. The adder bites you.
You are more poisoned.
The adder poisons you! The adder bites you.
You hit the adder. Your kick misses the adder.
The adder is heavily wounded.
The adder barely misses you.
You miss the adder. Your kick misses the adder.
The adder is heavily wounded.
You feel sick. The adder bites you.
You are lethally poisoned!
The adder poisons you!
You closely miss the adder. Your kick misses the adder.
The adder is heavily wounded.
You feel sick.
The adder bites you but does no damage. x2
Unknown command.
You aren't carrying any potions.
Unknown command.
Are you sure you want to abandon this character and quit the game? (Confirm with "yes".)

#.#
#.#
#.#
#w#
#.#
#.#
#.#
#.#
#@#
#S#
#h#
#h#
#..
##.
.
.#


You could see a worm, an adder and 2 jackals.

Vanquished Creatures
  An adder (D:1)
  An ooze (D:2)
  A giant gecko (D:1)
  3 bats (D:1)
  2 giant cockroaches (D:1)
  4 goblins (D:1)
  5 hobgoblins (D:1)
  2 giant newts
  5 kobolds
  5 rats
29 creatures vanquished.

Notes
Turn   | Place    | Note
--------------------------------------------------------------
     0 | D:1      | nubinia the Centaur Hunter began the quest for the Orb.
     0 | D:1      | Reached XP level 1. HP: 17/17 MP: 1/1
   273 | D:1      | Reached XP level 2. HP: 13/24 MP: 2/2
   972 | D:1      | Reached skill level 6 in Bows
  1025 | D:2      | Found a sacrificial altar of Ru.
  1025 | D:2      | Found an oddly glowing altar of Pakellas.
  1025 | D:2      | Found an ancient bone altar of Kikubaaqudgha.
  1033 | D:2      | Found a basalt altar of Yredelemnul.
  1093 | D:1      | Reached XP level 3. HP: 29/29 MP: 3/3
  1153 | D:2      | Quit the game

Vault maps used:
D:1:      dpeg_arrival_orchard
D:2:      grunt_temple_overflow_open

Skill      XL: |  1  2 |
---------------+-------+-----
Bows           | 6 |  6.1
Fighting       | |  2.0
Short Blades   | |  0.5
Armour         | |  0.7
Dodging        | |  1.9
Stealth        | |  0.5

Action                   || total
-------------------------++-------
Melee: Short sword       ||    91
       Kick              ||    11
 Fire: Shortbow          ||    13
Armor: Leather armour    ||    48
Dodge: Dodged            ||    44
